[Event "Titled Tuesday Blitz March 21 Late 2023"]
[White "lluiss"]
[Black "Hirneise, Jens"]
[BlackFideId "24614734"]
[WhiteElo "2180"]
[BlackElo "2345"]
[Result "0-1"]
[Round "06"]
[TimeControl "180+2"]
[Date "2023.03.21"]
[WhiteClock "0:00:10"]
[BlackClock "0:00:10"]

1. Nf3 d5 2. d4 Nc6 3. c4 e5 4. cxd5 Qxd5 5. Nc3 Bb4 6. e3 Bxc3+ 7. bxc3 exd4 8. cxd4 Nf6 9. Be2 Ne4 10. O-O Nc3 11. Qc2 Nxe2+ 12. Qxe2 Bg4 13. Ba3 Qa5 14. Qd3 Bxf3 15. gxf3 O-O-O 16. f4 g5 17. f5 Ne5 18. Qe2 Qxa3 19. dxe5 Rd5 20. e6 Rxf5 21. exf7 Rxf7 22. Rac1 Kb8 23. Rc2 h5 24. Rfc1 g4 25. Rc3 Qd6 26. Qc2 h4 27. Rd3 Qf6 28. Rcd1 a6 29. Qd2 Rc8 30. Rd8 Rf8 31. Rxf8 Rxf8 32. Rc1 h3 33. Qc2 c6 34. Qe2 Qf5 35. Rd1 Ka7 36. Rd4 Rg8 37. Rd1 Qe4 38. Qf1 g3 39. fxg3 Rf8 40. Rd2 Rxf1+ 41. Kxf1 Qh1+ 42. Ke2 Qxh2+ 43. Kd3 Qxd2+ 44. Kxd2 h2 45. e4 h1=Q 46. e5 Qe4 47. e6 Qxe6 48. g4 Qxg4 49. Kc3 b5 50. Kb2 a5 51. a3 Kb6 52. Kc3 Kc5 53. Kd2 Qg3 54. Kc2 Kd4 55. a4 Qc3+ 56. Kb1 Kc4 57. axb5 Kb3 58. bxc6 Qb2# 0-1


[Site "https://www.chess.com"]

[Event "Titled Tuesday Blitz March 21 Late 2023"]
[White "Prieto Aranguren, Alain"]
[Black "Munoz, Francisco Javier"]
[WhiteFideId "2268906"]
[BlackFideId "128368"]
[WhiteElo "2209"]
[BlackElo "2383"]
[Result "0-1"]
[Round "06"]
[TimeControl "180+2"]
[Date "2023.03.21"]
[WhiteClock "0:00:14"]
[BlackClock "0:01:20"]

1. e4 e5 2. Bc4 Nf6 3. Nc3 Bb4 4. d3 d6 5. Bg5 h6 6. Bh4 g5 7. Bg3 Be6 8. Ne2 Nc6 9. O-O Qd7 10. Nd5 Bxd5 11. exd5 Ne7 12. d4 e4 13. c3 Ba5 14. f4 g4 15. Bh4 Nfxd5 16. Qb3 c6 17. Ng3 f5 18. Bxe7 Nxe7 19. Be6 Qc7 20. Nxf5 Nxf5 21. Bxf5 d5 22. Bxg4 h5 23. Be6 Qe7 24. f5 Bc7 25. c4 Qd6 26. g3 dxc4 27. Qxc4 h4 28. Rf4 hxg3 29. hxg3 Rh3 30. Raf1 Rxg3+ 31. Kh2 Rf3 32. Rxf3 exf3 33. d5 Qxf4+ 34. Qxf4 Bxf4+ 35. Kh3 c5 36. Kg4 f2 37. Kxf4 f1=Q+ 38. Ke5 Rd8 0-1


[Site "https://www.chess.com"]

[Event "Titled Tuesday Blitz March 21 Late 2023"]
[White "Cella, Glaucio Dalla Cortt"]
[Black "rionelG"]
[WhiteFideId "2119455"]
[WhiteElo "2011"]
[BlackElo "2276"]
[Result "1-0"]
[Round "06"]
[TimeControl "180+2"]
[Date "2023.03.21"]
[WhiteClock "0:00:30"]
[BlackClock "0:00:01"]

1. e4 c5 2. Nf3 d6 3. c3 Nf6 4. Be2 Nbd7 5. O-O Nxe4 6. d4 e6 7. dxc5 Nexc5 8. b4 Ne4 9. c4 Be7 10. Bb2 Nef6 11. Na3 a6 12. Nc2 O-O 13. Ne3 b6 14. a3 Bb7 15. Rc1 Rc8 16. Re1 Qc7 17. Nd2 Qb8 18. Qb3 d5 19. cxd5 Nxd5 20. Nxd5 Bxd5 21. Qe3 Bf6 22. Rxc8 Rxc8 23. Bxf6 Nxf6 24. Bxa6 Rc2 25. h3 Qa8 26. Bd3 Ra2 27. Nc4 Bxg2 28. Bb1 Ra1 29. Bxh7+ Nxh7 30. Rxa1 Bd5 31. Nxb6 Qc6 32. Nxd5 Qxd5 33. a4 Ng5 34. Ra3 Qd1+ 35. Kh2 f6 36. a5 Qf1 37. a6 1-0


[Site "https://www.chess.com"]

[Event "Titled Tuesday Blitz March 21 Late 2023"]
[White "Stanojevic, Ilija"]
[Black "Albuquerque Junior,Wellington S."]
[WhiteFideId "959995"]
[BlackFideId "2151480"]
[WhiteElo "2138"]
[BlackElo "2109"]
[Result "0-1"]
[Round "06"]
[TimeControl "180+2"]
[Date "2023.03.21"]
[WhiteClock "0:00:10"]
[BlackClock "0:00:36"]

1. d4 Nf6 2. c4 c5 3. d5 b5 4. cxb5 a6 5. b6 g6 6. Nc3 Qxb6 7. e4 d6 8. a4 Bg7 9. a5 Qb4 10. Ra4 Qb7 11. h3 O-O 12. Nf3 Ne8 13. Bc4 Nc7 14. O-O Nb5 15. Bd2 Nd7 16. Re1 Ne5 17. Nxe5 Bxe5 18. f4 Bd4+ 19. Kh2 Bd7 20. Ra2 Bg7 21. Na4 Rab8 22. Nb6 Nd4 23. Bc3 Bb5 24. b3 Bxc4 25. bxc4 Rfe8 26. e5 Qc7 27. Bxd4 cxd4 28. Qxd4 g5 29. g3 h5 30. h4 g4 31. Qe4 e6 32. exd6 Qxd6 33. Rae2 Qc5 34. Qd3 Qxa5 35. Nd7 Rbd8 36. dxe6 fxe6 37. c5 Qb5 38. c6 Qxd3 0-1


[Site "https://www.chess.com"]

[Event "Titled Tuesday Blitz March 21 Late 2023"]
[White "Hajiyev, Kanan"]
[Black "Roman, Rodrigo"]
[WhiteFideId "13404148"]
[BlackFideId "3701220"]
[WhiteElo "2103"]
[BlackElo "1995"]
[Result "1-0"]
[Round "06"]
[TimeControl "180+2"]
[Date "2023.03.21"]
[WhiteClock "0:01:55"]
[BlackClock "0:01:30"]

1. d4 Nf6 2. Nf3 e6 3. c4 d5 4. cxd5 exd5 5. Nc3 Bb4 6. Bf4 Ne4 7. Qb3 Nc6 8. e3 g5 9. Be5 f6 10. Bg3 h5 11. h4 Nxg3 12. fxg3 g4 13. Nd2 Bxc3 14. bxc3 Qe7 15. Kf2 Qd6 16. Bd3 Na5 17. Qb4 Qxb4 18. cxb4 Nc6 19. a3 Be6 20. Rac1 O-O-O 21. Nb3 Ne7 22. Rhf1 Rhf8 23. Ke2 Bf5 24. Bxf5+ Nxf5 25. Rxf5 1-0


[Site "https://www.chess.com"]

[Event "Titled Tuesday Blitz March 21 Late 2023"]
[White "Vaglio Munoz, Jaime"]
[Black "Skaric, Djuro"]
[WhiteFideId "6500145"]
[BlackFideId "934569"]
[WhiteElo "2199"]
[BlackElo "2282"]
[Result "0-1"]
[Round "06"]
[TimeControl "180+2"]
[Date "2023.03.21"]
[WhiteClock "0:00:15"]
[BlackClock "0:01:06"]

1. Nf3 d6 2. c4 g6 3. b3 Bg7 4. Nc3 Nf6 5. d4 O-O 6. g3 h6 7. Bg2 Nc6 8. Bb2 e5 9. dxe5 dxe5 10. O-O Be6 11. Nd2 a6 12. Nde4 Nxe4 13. Nxe4 Qe7 14. a4 Rfd8 15. Qb1 f5 16. Ba3 Nb4 17. Nc3 e4 18. Qc1 c5 19. Rb1 Qf7 20. Bxb4 cxb4 21. Na2 a5 22. Qc2 Rd4 23. e3 Rd3 24. Rfd1 Rad8 25. Bf1 R3d7 26. Rxd7 Qxd7 27. Be2 h5 28. Rd1 Qe7 29. Nc1 h4 30. Kg2 Rf8 31. Qd2 Be5 32. Qe1 h3+ 33. Kf1 g5 34. Rd5 Bc7 35. Qd2 Kg7 36. Ke1 Kh6 37. Bf1 f4 38. gxf4 gxf4 39. Qe2 f3 40. Qd2 Bxd5 41. cxd5 Qe5 42. Qc2 Rd8 43. Bc4 Rd6 44. Qd2 Rg6 45. Qc2 Rg1+ 46. Kd2 Rg2 47. Ke1 Qc3+ 48. Qxc3 bxc3 49. Bf1 Rxh2 50. Na2 Rh1 51. Nxc3 h2 52. d6 Rxf1+ 53. Kd2 Bxd6 54. Nxe4 Bb4+ 55. Kd3 h1=Q 56. Ng3 Rd1+ 57. Ke4 Qh4+ 58. Kxf3 Qf6+ 59. Ke2 Rd2+ 60. Kf1 Qxf2# 0-1


[Site "https://www.chess.com"]

[Event "Titled Tuesday Blitz March 21 Late 2023"]
[White "Stanisz, Patryk"]
[Black "reevecanada"]
[WhiteFideId "1123106"]
[WhiteElo "2069"]
[BlackElo "2447"]
[Result "0-1"]
[Round "06"]
[TimeControl "180+2"]
[Date "2023.03.21"]
[WhiteClock "0:00:02"]
[BlackClock "0:01:03"]

1. d4 d5 2. c4 c6 3. Nf3 dxc4 4. Nc3 Nf6 5. a4 a6 6. a5 Nbd7 7. e4 b5 8. axb6 Nxb6 9. Be3 e6 10. Be2 Bb7 11. O-O Be7 12. Ne5 O-O 13. Nxc4 Nxc4 14. Bxc4 c5 15. d5 exd5 16. exd5 Bd6 17. Bg5 h6 18. Bh4 Be5 19. Re1 Bd4 20. Qb3 Qd7 21. Na4 Rab8 22. Bxf6 gxf6 23. Qg3+ Kh7 24. Bd3+ f5 25. Nb6 Qd8 26. Bxf5+ Kh8 27. Nd7 Rg8 28. Qf4 Qg5 29. Qxg5 Rxg5 30. Nxb8 Rxf5 31. d6 Rxf2 32. Re7 Rxg2+ 33. Kf1 Bf3 34. Re8+ Kg7 35. Ke1 Rg1+ 36. Kd2 Rxa1 37. d7 Bf6 38. d8=Q Bxd8 39. Rxd8 Rd1+ 0-1


[Site "https://www.chess.com"]

[Event "Titled Tuesday Blitz March 21 Late 2023"]
[White "Szyszylo, Rafal"]
[Black "Einarsson, Halldor Gretar"]
[WhiteFideId "1109626"]
[BlackFideId "2300150"]
[WhiteElo "1951"]
[BlackElo "2142"]
[Result "1-0"]
[Round "06"]
[TimeControl "180+2"]
[Date "2023.03.21"]
[WhiteClock "0:00:03"]
[BlackClock "0:00:01"]

1. e4 c5 2. Ne2 Nc6 3. g3 g6 4. Bg2 Bg7 5. c3 e6 6. O-O Nge7 7. d4 cxd4 8. cxd4 d5 9. e5 O-O 10. Nbc3 Nf5 11. Bh3 f6 12. Bxf5 gxf5 13. exf6 Qxf6 14. Be3 b6 15. Qa4 Na5 16. Nf4 Qf7 17. Nb5 Bd7 18. Qb4 Nc6 19. Qb3 Na5 20. Qd3 Nc4 21. a4 Nxb2 22. Qb3 Nc4 23. Rfd1 Rfc8 24. Nc3 Na5 25. Qb2 Rc4 26. Nb5 Bf8 27. h4 a6 28. Nc3 Rac8 29. Nce2 Rb4 30. Qd2 Nc4 31. Qd3 Nb2 32. Qxa6 Nxd1 33. Rxd1 Qe8 34. Nd3 Ra8 35. Qb7 Rb8 36. Qc7 Rxa4 37. Ne5 Bb5 38. Nf4 Raa8 39. Qc2 Ba4 40. Qd2 Bxd1 41. Qxd1 Ra2 42. Qb3 Qa4 43. Qc3 Qb4 44. Qc7 Ra1+ 45. Kh2 Qe7 46. Qxb8 Rb1 47. Qc8 Rb2 48. Nxe6 b5 49. Nf4 Rb3 50. Nxd5 Qg7 51. Qe6+ Kh8 52. Nf4 Rxe3 53. fxe3 b4 54. Nf7+ Kg8 55. Ng5+ Kh8 56. Qxf5 b3 57. Qd3 h6 58. Nge6 Qg4 59. Qxb3 Bd6 60. Qb7 Bxf4 61. Nxf4 Qf3 62. Ng2 1-0


[Site "https://www.chess.com"]

[Event "Titled Tuesday Blitz March 21 Late 2023"]
[White "Ardila, Oscar Humberto"]
[Black "ArturoCaceres"]
[WhiteFideId "4404742"]
[WhiteElo "1911"]
[BlackElo "2380"]
[Result "0-1"]
[Round "06"]
[TimeControl "180+2"]
[Date "2023.03.21"]
[WhiteClock "0:00:09"]
[BlackClock "0:00:18"]

1. d4 Nf6 2. Nf3 c5 3. c3 g6 4. e3 Bg7 5. Be2 O-O 6. O-O d5 7. Nbd2 Nc6 8. h3 b6 9. Bb5 Bd7 10. Bxc6 Bxc6 11. Ne5 Qc7 12. f4 Bb5 13. Rf3 Ne4 14. Nxe4 dxe4 15. Rf2 f6 16. Ng4 Bd3 17. Bd2 h5 18. Nh2 f5 19. Rc1 Rfd8 20. Qe1 Bf6 21. g3 Kg7 22. Rg2 Qd7 23. g4 hxg4 24. hxg4 e6 25. Qg3 Qf7 26. b3 Rh8 27. g5 Be7 28. c4 cxd4 29. exd4 Rh5 30. Bc3 Kf8 31. Nf1 Bd6 32. Ne3 Qc7 33. Rf2 Kf7 34. d5 Bc5 35. Be5 Qd7 36. dxe6+ Kxe6 37. Nd5 Qh7 38. Qg2 Be2 39. Nf6 Qh8 40. Nxh5 Qxh5 41. b4 Bf3 42. bxc5 Bxg2 43. Rxg2 Qf3 44. Rf1 Qe3+ 45. Kh2 bxc5 46. Rb2 Rd8 47. Rff2 Rd3 48. Kg2 Qh3+ 49. Kg1 Rd1+ 0-1


[Site "https://www.chess.com"]

[Event "Titled Tuesday Blitz March 21 Late 2023"]
[White "Davidson, Kevin"]
[Black "Elaisaz"]
[WhiteFideId "2056810"]
[WhiteElo "2151"]
[BlackElo "2224"]
[Result "1-0"]
[Round "06"]
[TimeControl "180+2"]
[Date "2023.03.21"]
[WhiteClock "0:00:23"]
[BlackClock "0:00:13"]

1. e4 e5 2. Nf3 Nc6 3. Bb5 Nf6 4. d3 d6 5. c3 Be7 6. O-O O-O 7. Re1 Bg4 8. Nbd2 a6 9. Ba4 b5 10. Bb3 d5 11. h3 Bxf3 12. Qxf3 dxe4 13. dxe4 Na5 14. Bc2 c5 15. Nf1 Qc7 16. Bg5 Rfd8 17. Bxf6 Bxf6 18. Ne3 Rd2 19. Nd5 Qd8 20. Rac1 Nc4 21. b3 Na3 22. Bd3 c4 23. Bf1 Rxa2 24. b4 a5 25. bxa5 Rxa5 26. Red1 Rb2 27. Ra1 Qa8 28. Nxf6+ gxf6 29. Qxf6 Qxe4 30. Rd8# 1-0


[Site "https://www.chess.com"]

[Event "Titled Tuesday Blitz March 21 Late 2023"]
[White "Senft, Sean"]
[Black "Sabar, Ethmane Daouda"]
[WhiteFideId "2044960"]
[BlackFideId "19600097"]
[WhiteElo "1989"]
[BlackElo "1950"]
[Result "1-0"]
[Round "06"]
[TimeControl "180+2"]
[Date "2023.03.21"]
[WhiteClock "0:00:07"]
[BlackClock "0:00:01"]

1. e4 c5 2. Nc3 Nc6 3. f4 e6 4. Nf3 Be7 5. Bc4 Nh6 6. O-O O-O 7. d3 f5 8. Qe1 Kh8 9. a4 Nd4 10. Nxd4 cxd4 11. Ne2 g5 12. Kh1 fxe4 13. dxe4 gxf4 14. Bxf4 Ng4 15. Nxd4 e5 16. h3 exf4 17. hxg4 Bh4 18. Qc3 Bf6 19. Rxf4 Be5 20. Rxf8+ Qxf8 21. Kg1 d5 22. Bxd5 Bxg4 23. Qd3 Qh6 24. g3 Qh3 25. Nf5 Bxf5 26. exf5 Rf8 27. Rf1 Qg4 28. Kg2 Bxb2 29. c3 Qg7 30. Be4 1-0


[Site "https://www.chess.com"]

[Event "Titled Tuesday Blitz March 21 Late 2023"]
[White "chessjazda"]
[Black "Jimenez Fernandez, Rebeca"]
[BlackFideId "32070934"]
[WhiteElo "2349"]
[BlackElo "2008"]
[Result "1-0"]
[Round "06"]
[TimeControl "180+2"]
[Date "2023.03.21"]
[WhiteClock "0:01:03"]
[BlackClock "0:00:01"]

1. e4 c5 2. c3 d5 3. exd5 Qxd5 4. Nf3 Nc6 5. Be2 Nf6 6. O-O g6 7. Na3 Bg7 8. d3 O-O 9. h3 b6 10. Bf4 e5 11. Bg3 Bb7 12. Qc2 Rad8 13. Nc4 Rfe8 14. Rad1 Nh5 15. Bh2 Nf4 16. Bxf4 exf4 17. Rfe1 g5 18. Bf1 h5 19. Rxe8+ Rxe8 20. Re1 Rxe1 21. Nxe1 Ne5 22. Nxe5 Bxe5 23. Qe2 h4 24. Qg4 Bf6 25. Nf3 Ba6 26. Nxh4 Bxd3 27. Bxd3 Qxd3 28. Nf3 Qd1+ 29. Kh2 Kg7 30. h4 Qd5 31. hxg5 Be7 32. Qh5 Bd6 33. Qh6+ Kg8 34. g6 1-0


[Site "https://www.chess.com"]

[Event "Titled Tuesday Blitz March 21 Late 2023"]
[White "Bhavikatti, Neil"]
[Black "Hartikainen, Jarmo"]
[WhiteFideId "30935024"]
[BlackFideId "503134"]
[WhiteElo "2337"]
[BlackElo "2177"]
[Result "1-0"]
[Round "06"]
[TimeControl "180+2"]
[Date "2023.03.21"]
[WhiteClock "0:01:19"]
[BlackClock "0:00:09"]

1. d4 Nf6 2. c4 g6 3. Nc3 d5 4. Bg5 Ne4 5. Bh4 Nxc3 6. bxc3 Bg7 7. e3 c5 8. Nf3 cxd4 9. cxd4 Qa5+ 10. Qd2 Qxd2+ 11. Nxd2 e6 12. cxd5 exd5 13. Rc1 Nc6 14. Bb5 Bd7 15. O-O O-O 16. Nb3 a6 17. Be2 Be6 18. Nc5 Na5 19. Nxe6 fxe6 20. Bg4 Rfe8 21. Rc7 Bf8 22. Rfc1 Bd6 23. Rd7 Nc4 24. Rxc4 dxc4 25. Rxd6 c3 26. e4 c2 27. Bg5 Rac8 28. Bc1 Rc3 29. Kf1 Rd3 30. Ke1 Kf7 31. Be2 Rc3 32. Kd2 Rcc8 33. Bd3 Re7 34. Bxc2 Rec7 35. Bb3 Rxc1 36. Bxe6+ Ke7 37. Bxc8 Kxd6 38. Kxc1 1-0


[Site "https://www.chess.com"]

[Event "Titled Tuesday Blitz March 21 Late 2023"]
[White "Rosenberg, Evan S"]
[Black "Hon, Eric"]
[WhiteFideId "2019299"]
[BlackFideId "2097117"]
[WhiteElo "2324"]
[BlackElo "1918"]
[Result "0-1"]
[Round "06"]
[TimeControl "180+2"]
[Date "2023.03.21"]
[WhiteClock "0:00:02"]
[BlackClock "0:01:44"]

1. d4 Nf6 2. Nf3 c5 3. d5 g6 4. Nc3 Bg7 5. e4 O-O 6. e5 Ng4 7. Bf4 d6 8. Qe2 dxe5 9. Nxe5 Nxe5 10. Bxe5 Nd7 11. Bxg7 Kxg7 12. O-O-O Nf6 13. h4 h5 14. f3 Bf5 15. Qe5 Qd6 16. Qe3 a6 17. Be2 e5 18. g4 hxg4 19. h5 gxf3 20. hxg6 Ng4 21. Qg5 Qxg6 22. Qxg6+ fxg6 23. Bxf3 Nf2 24. d6 Nxd1 25. Rxd1 Rf7 26. Nd5 e4 27. Bg2 Rd8 28. Ne7 Rxe7 29. dxe7 Rxd1+ 30. Kxd1 Kf7 31. Ke2 Kxe7 32. Ke3 Ke6 33. Kf4 Kf6 34. c3 g5+ 35. Ke3 Ke5 36. Bf1 a5 37. Be2 Bd7 38. Bh5 g4 39. Bg6 Bf5 40. Bh5 g3 41. Be2 Bd7 42. Bf1 b5 43. Bg2 Bc6 44. b3 Bd5 45. c4 bxc4 46. bxc4 Bxc4 47. Bxe4 Bxa2 48. Bg2 Bd5 49. Bh3 a4 50. Kd3 g2 51. Bxg2 Bxg2 52. Kc3 Kd5 53. Kb2 Kc4 54. Ka1 Kb3 55. Kb1 c4 0-1


[Site "https://www.chess.com"]

[Event "Titled Tuesday Blitz March 21 Late 2023"]
[White "Cueto, Jonny"]
[Black "sebastianmarinp"]
[WhiteFideId "3300145"]
[WhiteElo "2234"]
[BlackElo "2306"]
[Result "0-1"]
[Round "06"]
[TimeControl "180+2"]
[Date "2023.03.21"]
[WhiteClock "0:00:03"]
[BlackClock "0:00:18"]

1. d4 Nf6 2. Bf4 d5 3. e3 c5 4. Nf3 Nc6 5. Nbd2 Bf5 6. dxc5 e6 7. Nd4 Bxc5 8. Nxf5 exf5 9. Bd3 Qd7 10. c3 O-O 11. Nf3 Rad8 12. O-O Ne4 13. Bb5 Qe6 14. Qa4 Ne7 15. Bc7 Ra8 16. Bd7 Qh6 17. Bf4 g5 18. Be5 a6 19. Rad1 Rfd8 20. Bc7 b5 21. Bxb5 axb5 22. Qxb5 Rdc8 23. Be5 Qc6 24. Qe2 f6 25. Bd4 Rxa2 26. Bxc5 Qxc5 27. Nd4 Nxc3 28. Qh5 Nxd1 29. Rxd1 Rca8 30. Ne6 Qd6 31. Nd4 Ra1 32. h4 g4 33. Rxa1 Rxa1# 0-1


[Site "https://www.chess.com"]

[Event "Titled Tuesday Blitz March 21 Late 2023"]
[White "Smith, Garrett L"]
[Black "Ricaurte Lopez, Juan Carlos"]
[WhiteFideId "2024829"]
[BlackFideId "3600327"]
[WhiteElo "2304"]
[BlackElo "2209"]
[Result "1-0"]
[Round "06"]
[TimeControl "180+2"]
[Date "2023.03.21"]
[WhiteClock "0:00:25"]
[BlackClock "0:00:14"]

1. e4 e5 2. Nf3 d5 3. Nxe5 Bd6 4. d4 dxe4 5. Nc4 Nf6 6. Nc3 Nc6 7. Be2 O-O 8. Be3 Ne7 9. Nxd6 Qxd6 10. h3 Rd8 11. Qd2 Nf5 12. O-O-O Nxe3 13. Qxe3 Be6 14. Nxe4 Nxe4 15. Qxe4 Bxa2 16. Bd3 g6 17. c3 Bd5 18. Qg4 a5 19. h4 a4 20. Kd2 Qb6 21. Kc1 a3 22. b4 a2 23. Kb2 Qa7 24. Ka1 Qa3 25. Rc1 Qb3 26. h5 Rd6 27. hxg6 fxg6 28. Qh4 Rd7 29. Bxg6 hxg6 30. Qh8+ Kf7 31. Rh7+ Ke6 32. Qe5# 1-0


[Site "https://www.chess.com"]

[Event "Titled Tuesday Blitz March 21 Late 2023"]
[White "Manu_ChessExcelsior"]
[Black "Jiganchine, Roman"]
[BlackFideId "2603667"]
[WhiteElo "2048"]
[BlackElo "2302"]
[Result "1/2-1/2"]
[Round "06"]
[TimeControl "180+2"]
[Date "2023.03.21"]
[WhiteClock "0:00:03"]
[BlackClock "0:00:09"]

1. e4 c6 2. d4 d5 3. e5 Bf5 4. Bd3 Bxd3 5. Qxd3 e6 6. c3 Qb6 7. Ne2 Qa6 8. Qd1 c5 9. O-O Ne7 10. Nd2 Nec6 11. Nb3 Nd7 12. Be3 cxd4 13. cxd4 Be7 14. f4 g6 15. g4 Nb4 16. Ng3 Qd3 17. Qf3 Nc2 18. Rae1 Bb4 19. Re2 O-O 20. f5 Nxe3 21. Rxe3 Qa6 22. f6 Qxa2 23. Ne2 Rfc8 24. Qf4 Bf8 25. Rh3 Qxb2 26. Qf3 Rc2 27. Nbc1 Rac8 28. Nd3 Qb5 29. Ndf4 Rxe2 30. Qxe2 Qb4 31. g5 Qxd4+ 32. Kh1 Rc3 33. Qg4 Rxh3 34. Qxh3 Qe4+ 35. Qf3 b5 36. Qxe4 dxe4 37. Re1 Nc5 38. Rd1 a5 39. Rd8 b4 40. Rb8 b3 41. Rb5 a4 42. Ne2 a3 43. Nc3 b2 44. Ra5 Nb3 45. Ra8 Nc1 46. Kg2 a2 47. Nxa2 Nxa2 48. Rb8 Nc3 49. Rxb2 Nd5 50. Ra2 Nf4+ 51. Kg3 Nd3 52. Kg2 Nxe5 53. Ra8 Nd3 54. h4 Nb4 55. Kf2 Nd5 56. Ke2 Nf4+ 57. Ke3 Ng2+ 58. Kxe4 Nxh4 59. Kf4 Nf5 60. Ke5 Ng3 61. Kf4 Nf5 62. Kg4 h6 63. Kf4 hxg5+ 64. Kxg5 e5 65. Re8 e4 66. Rxe4 Nd6 67. Ra4 Nf5 68. Ra8 Nd6 69. Rb8 Ne4+ 70. Kf4 Nxf6 71. Kg5 Kg7 72. Ra8 Ne4+ 73. Kf4 Nf6 74. Kg5 Bd6 75. Ra6 Ne4+ 76. Kh4 Be7+ 77. Kg4 Nf6+ 78. Kg5 Ne4+ 79. Kf4 Nf6 80. Kg5 Nh5+ 81. Kg4 Bf6 82. Ra7 Bd4 83. Rb7 Nf6+ 84. Kg5 Be3+ 85. Kh4 g5+ 86. Kg3 Kg6 87. Re7 Bf4+ 88. Kf3 Nh5 89. Kg4 Nf6+ 90. Kf3 Nd5 91. Rd7 Nf6 92. Re7 1/2-1/2


[Site "https://www.chess.com"]

[Event "Titled Tuesday Blitz March 21 Late 2023"]
[White "Vargas Pereda, Jesus Manue"]
[Black "Vifleemskaia, Svetlana"]
[WhiteFideId "5115710"]
[BlackFideId "4129490"]
[WhiteElo "1914"]
[BlackElo "1930"]
[Result "0-1"]
[Round "06"]
[TimeControl "180+2"]
[Date "2023.03.21"]
[WhiteClock "0:00:15"]
[BlackClock "0:00:12"]

1. d4 Nf6 2. Bf4 d5 3. e3 c5 4. c3 Nc6 5. Nd2 Qb6 6. Rb1 Bf5 7. Rc1 Qxb2 8. Ngf3 Qxa2 9. Be2 e6 10. Nh4 Be4 11. f3 Bg6 12. Nxg6 hxg6 13. O-O cxd4 14. cxd4 Qa3 15. Ra1 Qe7 16. Qb3 Qd7 17. Rfb1 Bb4 18. Ra2 O-O 19. Nf1 a5 20. Bb5 Nh5 21. Bg5 f6 22. Bh4 g5 23. Bf2 f5 24. Qa4 Qd6 25. Rc2 Ne7 26. Rbc1 Nf6 27. Bg3 f4 28. exf4 gxf4 29. Bh4 Nf5 30. Bf2 Qb6 31. Rd1 Rac8 32. Rxc8 Rxc8 33. Bd3 Nd6 34. Bg6 Qc7 35. h4 b5 36. Qa1 Qc3 37. Qb1 Nc4 38. h5 Qb2 39. Qd3 Nd6 40. g4 Rc3 41. Qe2 Qxe2 42. Ra1 Qxf3 0-1


[Site "https://www.chess.com"]

[Event "Titled Tuesday Blitz March 21 Late 2023"]
[White "Oliveira, Tiago Batista"]
[Black "Gerbelli Neto, Eduardo"]
[WhiteFideId "2108291"]
[BlackFideId "2103281"]
[WhiteElo "1962"]
[BlackElo "2178"]
[Result "1-0"]
[Round "06"]
[TimeControl "180+2"]
[Date "2023.03.21"]
[WhiteClock "0:00:11"]
[BlackClock "0:00:29"]

1. d4 d5 2. c4 c6 3. Nf3 Nf6 4. Qc2 e6 5. g3 dxc4 6. Bg2 Na6 7. O-O Be7 8. Nbd2 Nb4 9. Qxc4 O-O 10. e4 b6 11. e5 Ba6 12. Qb3 Nfd5 13. Nc4 c5 14. Rd1 Qc7 15. dxc5 Qxc5 16. Ne3 Rac8 17. a3 Nc2 18. Nxc2 Qxc2 19. Qxc2 Rxc2 20. Nd4 Rc7 21. Nf5 Bb7 22. Nxe7+ Rxe7 23. Bg5 Rc7 24. Rac1 Rfc8 25. Rxc7 Rxc7 26. Rc1 Rxc1+ 27. Bxc1 Kf8 28. b4 Ke7 29. Bb2 Ba6 30. Be4 h6 31. Bd4 Nc7 32. f4 Nb5 33. Bb2 Nc7 34. g4 Bc4 35. f5 Nd5 36. Bxd5 Bxd5 37. f6+ Kf8 38. h4 g6 39. g5 hxg5 40. hxg5 Ke8 41. Kf2 Kd7 42. Ke3 Kc6 43. Kd4 Kb5 44. Kc3 Ka4 45. Kd4 Kb3 46. Bc1 Kc2 47. Be3 Kb2 48. a4 Kb3 49. a5 Kxb4 50. axb6 axb6 51. Kd3 b5 52. Bb6 Kb3 53. Kd4 b4 54. Kc5 Ka4 55. Kd6 b3 56. Bd4 Ka3 57. Ke7 b2 58. Bxb2+ Kxb2 59. Kxf7 Kc3 60. Kxg6 Kd4 61. f7 Kxe5 62. f8=Q Ke4 63. Qf6 e5 64. Kg7 Kd4 65. g6 Be4 66. Kh6 Bxg6 67. Kxg6 Ke4 68. Kg5 Kd5 69. Qf3+ e4 70. Qe2 Kd4 71. Kg4 e3 72. Kg3 Ke4 73. Kg2 Kf4 74. Kg1 Ke4 75. Kf1 Kd4 76. Kg2 Ke4 77. Kg3 Kd4 78. Kf3 Ke5 79. Qxe3+ Kf5 80. Qe4+ Kg5 81. Qf4+ Kh5 82. Qg4+ Kh6 83. Kf4 Kh7 84. Kf5 Kh8 85. Kf6 Kh7 86. Qg7# 1-0


[Site "https://www.chess.com"]

[Event "Titled Tuesday Blitz March 21 Late 2023"]
[White "Visakh N R"]
[Black "salgadoLO"]
[WhiteFideId "25012223"]
[WhiteElo "2466"]
[BlackElo "2181"]
[Result "1-0"]
[Round "06"]
[TimeControl "180+2"]
[Date "2023.03.21"]
[WhiteClock "0:00:51"]
[BlackClock "0:00:01"]

1. e4 c5 2. Nf3 e6 3. c3 Nf6 4. e5 Nd5 5. d4 cxd4 6. cxd4 d6 7. Bb5+ Bd7 8. Bxd7+ Nxd7 9. O-O Be7 10. Nbd2 O-O 11. Ne4 dxe5 12. dxe5 Qc7 13. Qd4 Rfc8 14. Bg5 Bf8 15. Rfe1 Qc4 16. Qd1 Qc2 17. Re2 Qxd1+ 18. Rxd1 h6 19. Be3 N7b6 20. Bxb6 axb6 21. a3 b5 22. Nd6 Bxd6 23. exd6 Rd8 24. Nd4 Rxd6 25. Nxb5 Rb6 26. Nd4 Rc8 27. g3 Ra6 28. Kg2 Raa8 29. Rd3 Rc5 30. Rb3 b6 31. Nc2 Rac8 32. Ne3 Nxe3+ 33. Rexe3 b5 34. Rb4 Rd5 35. Reb3 Rcc5 36. Rc3 Rxc3 37. bxc3 Rd3 38. Rxb5 Rxc3 39. a4 Ra3 40. a5 Kh7 41. h4 f6 42. h5 e5 43. f4 exf4 44. gxf4 Kg8 45. f5 Kf7 46. Kf2 Ke7 47. Rd5 Kf7 48. Ke2 Ke7 49. Kd2 Rh3 50. Kc2 Rxh5 51. a6 Rh2+ 52. Kb3 Rh1 53. Ra5 Rb1+ 54. Kc4 Rb8 55. a7 Ra8 56. Kc5 Kf7 57. Kc6 g6 58. Kb7 Rd8 59. Rd5 Rxd5 60. a8=Q Rxf5 61. Kc6 h5 62. Qh8 1-0


[Site "https://www.chess.com"]

[Event "Titled Tuesday Blitz March 21 Late 2023"]
[White "Olsson, William"]
[Black "Khatena, Moshe"]
[WhiteFideId "1741721"]
[BlackFideId "2010461"]
[WhiteElo "2197"]
[BlackElo "2206"]
[Result "1-0"]
[Round "06"]
[TimeControl "180+2"]
[Date "2023.03.21"]
[WhiteClock "0:02:28"]
[BlackClock "0:01:41"]

1. c4 b5 2. cxb5 Bb7 3. Nc3 e5 4. d4 e4 5. g3 f5 6. Bg2 Nf6 7. Nh3 h6 8. Nf4 g5 9. Ng6 Rg8 10. Nxf8 Kxf8 11. h4 g4 12. Bxh6+ Kf7 13. Bg5 Kg6 14. d5 d6 15. Qd4 Nbd7 16. O-O Ne5 17. f3 gxf3 18. exf3 exf3 19. Bxf3 Nfg4 20. Bxd8 1-0


[Site "https://www.chess.com"]

[Event "Titled Tuesday Blitz March 21 Late 2023"]
[White "Tymrakiewicz, Rafal"]
[Black "Barria Santos, Jose Guilherme"]
[WhiteFideId "1108832"]
[BlackFideId "1939300"]
[WhiteElo "2151"]
[BlackElo "2301"]
[Result "1-0"]
[Round "06"]
[TimeControl "180+2"]
[Date "2023.03.21"]
[WhiteClock "0:00:21"]
[BlackClock "0:00:25"]

1. e4 c5 2. d4 cxd4 3. c3 Nf6 4. e5 Nd5 5. Qxd4 e6 6. Nf3 d6 7. Nbd2 Nc6 8. Bb5 Bd7 9. Bxc6 Bxc6 10. O-O Be7 11. Nc4 dxe5 12. Ncxe5 O-O 13. Nxc6 bxc6 14. Re1 Qc7 15. Qc4 Rab8 16. b4 a5 17. a3 axb4 18. axb4 Bf6 19. Bd2 Rfd8 20. Ra2 Nb6 21. Qe2 c5 22. b5 c4 23. Rb1 Nd5 24. Nd4 Nxc3 25. Bxc3 Bxd4 26. Rc2 Bxc3 27. Rxc3 Rd4 28. h3 Qc5 29. Qe3 Qd5 30. Kh2 Qd6+ 31. g3 Rd3 32. Rxd3 cxd3 33. Rd1 Rd8 34. b6 e5 35. b7 h6 36. Rxd3 Qc7 37. Rxd8+ Qxd8 38. Qxe5 1-0


[Site "https://www.chess.com"]

[Event "Titled Tuesday Blitz March 21 Late 2023"]
[White "lisjakzlatko1"]
[Black "Ruiz Aguilar, Pablo Alexander"]
[BlackFideId "4401352"]
[WhiteElo "2175"]
[BlackElo "2138"]
[Result "0-1"]
[Round "06"]
[TimeControl "180+2"]
[Date "2023.03.21"]
[WhiteClock "0:00:01"]
[BlackClock "0:00:22"]

1. d4 d5 2. Nc3 Nf6 3. Bf4 a6 4. e3 c5 5. Nf3 Nc6 6. a3 Bg4 7. h3 Bxf3 8. gxf3 cxd4 9. exd4 e6 10. Na4 Qa5+ 11. c3 b5 12. Nc5 Bxc5 13. dxc5 O-O 14. Bd3 Nd7 15. Bd6 Rfe8 16. f4 g6 17. h4 e5 18. h5 e4 19. Kf1 exd3 20. Qxd3 Nf6 21. hxg6 fxg6 22. f5 Ne5 23. Qg3 Ne4 24. Qh4 Ra7 25. Bxe5 Rxe5 26. fxg6 Nd2+ 27. Kg2 Rg7 28. Kh3 Rxg6 29. Rhg1 Qc7 30. Rxg6+ hxg6 31. Rg1 Kg7 0-1


[Site "https://www.chess.com"]